AoeStats
← charliegieser

Lombardia

508061723Analyzed
2v2 RM · 12d ago on Sep 20, 2026· 31m 25s· 4 players
Game mode
Random Map
Map size
Medium (4 player)
Population
200
Speed
Normal
Resources
Standard
Victory
Conquest
Starting age
Dark Age
Ending age
Imperial Age
RankedLock teamsTeams togetherTeam positionsShared explorationLock speedFull tech treeHidden civsTurbo modeCheats
Victory
Defeat
🇺🇸 Magyars · United States
962
+16
🇺🇸 Dravidians · United States
939
+16
🇨🇳 Burgundians · China
978
-17
🇨🇳 Wu · China
936
-15
charliegieser
8:22 Loom
10:44 Feudal Age
11:19 Double-Bit Axe
11:03 Man-at-Arms
14:18 Fletching
18:14 Horse Collar
18:42 Gold Mining
22:48 Stone Mining
26:16 Castle Age
24:52 Wheelbarrow
26:34 Arson
26:23 Long Swordsman
26:49 Gambesons
27:04 Squires
27:16 Scale Mail Armor
27:26 Forging
28:24 Heavy Plow
28:35 Crossbowman
wgieser
7:27 Loom
10:23 Feudal Age
21:43 Castle Age
21:42 Double-Bit Axe
21:40 Horse Collar
24:06 Gold Mining
29:48 Bloodlines
西门
11:36 Feudal Age
12:26 Double-Bit Axe
12:35 Stone Mining
12:38 Horse Collar
21:56 Castle Age
24:17 Scale Mail Armor
24:29 Forging
24:31 Gold Mining
24:43 Pikeman
29:57 Iron Casting
1277765061
3:54 Double-Bit Axe
10:16 Feudal Age
13:51 Loom
16:14 Horse Collar
27:34 Castle Age
29:58 Scale Barding Armor
30:04 Forging
Connection lost

Rejoining the realm…

Still unreachable

The connection could not be restored.

Session expired

The server has moved on; the page needs a fresh start.